AoeStats
← eloycorsob

Black Forest

509928129Analyzed
3v3 RM · 5d ago on Sep 28, 2026· 21m 32s· 6 players
Game mode
Random Map
Map size
Normal (6 player)
Population
200
Speed
Normal
Resources
Standard
Victory
Conquest
Starting age
Dark Age
Ending age
Imperial Age
RankedLock teamsTeams togetherTeam positionsShared explorationLock speedFull tech treeHidden civsTurbo modeCheats
Victory
Defeat
🇺🇸 Khmer · United States
635
+15
🇫🇷 Goths · France
575
+18
🇷🇺 Burgundians · Russia
567
+18
🇹🇷 Britons · Türkiye
657
-18
🇪🇸 Chinese · Spain
604
-17
🇫🇷 Franks · France
584
-16
eloycorsob
1:54 Loom
13:32 Feudal Age
15:08 Wheelbarrow
16:39 Horse Collar
16:50 Double-Bit Axe
23:16 Castle Age
21:17 Stone Mining
21:20 Gold Mining
Nashushamen
0:35 Loom
18:52 Feudal Age
19:46 Double-Bit Axe
19:56 Gold Mining
19:57 Stone Mining
Mydonos
7:20 Loom
10:07 Feudal Age
12:37 Horse Collar
MAC01
15:08 Feudal Age
15:46 Double-Bit Axe
17:53 Stone Mining
20:11 Horse Collar
21:11 Gold Mining
ॐPixoॐ
16:07 Feudal Age
16:39 Double-Bit Axe
16:36 Horse Collar
17:33 Stone Mining
21:46 Castle Age
PONI_PAI
0:40 Loom
3:12 Wheelbarrow
15:54 Feudal Age
14:32 Horse Collar
14:41 Double-Bit Axe
18:55 Hand Cart
18:42 Heavy Plow
18:55 Bow Saw
18:35 Town Watch
Connection lost

Rejoining the realm…

Still unreachable

The connection could not be restored.

Session expired

The server has moved on; the page needs a fresh start.